 Dungeon Crawl Stone Soup version 0.30-a0-691-g754fce4c43 (webtiles) character file.

Game seed: 7953563160515326303

241 Darius099 the Shield-Bearer (level 6, 0/39 HPs)
             Began as a Gargoyle Fighter on Jan 19, 2023.
             Killed by divine providence
             ... invoked by an orc priest
              (12 damage)
             ... on level 4 of the Dungeon.
             The game lasted 00:07:05 (2657 turns).

Darius099 the Shield-Bearer (Gargoyle Fighter)      Turns: 2657, Time: 00:07:05

Health: 0/39       AC: 16    Str: 19    XL:     6   Next: 8%
Magic:  6/6        EV:  7    Int:  9    God:
Gold:   158        SH:  5    Dex: 11    Spells: 5/5 levels left

rFire   . . .      SeeInvis .    a - +0 flail
rCold   . . .      Faith    +    c - +0 buckler
rNeg    + + .      Spirit   .    w - +0 chain mail
rPois   ∞          Reflect  .    (no helmet)
rElec   +          Harm     .    p - +0 cloak
rCorr   .          Rampage  .    u - +0 pair of gloves
Will    .....                    (no boots) Stlth
                                 h - amulet of faith
HPRegen 0.26/turn                k - ring of positive energy
MPRegen 0.10/turn                (no ring)

@: no status effects
A: sickness immunity, AC +4, negative energy resistance 1, electricity
resistance, torment resistance 1, petrification resistance
a: no special abilities


You were on level 4 of the Dungeon.
You visited 1 branch of the dungeon, and saw 4 of its levels.

You collected 158 gold pieces.

Inventory:

Hand Weapons
 a - a +0 flail (weapon)
Armour
 c - a +0 buckler (worn)
 p - a +0 cloak (worn)
 u - a +0 pair of gloves (worn)
 w - a +0 chain mail (worn)
Jewellery
 h - an amulet of faith (around neck)
 k - a ring of positive energy (left hand)
 l - a ring of ice
 v - a ring of wizardry
Wands
 r - a wand of polymorph (6)
 A - a wand of quicksilver (9)
Scrolls
 g - a scroll of identify {unknown}
 i - a scroll of fear {unknown}
 o - a scroll of blinking {unknown}
 q - a scroll of enchant weapon {unknown}
 s - a scroll of immolation {unknown}
 t - a scroll of amnesia {unknown}
 x - 2 scrolls of noise {unknown}
 y - a scroll of teleportation {unknown}
Potions
 b - 2 potions of brilliance {unknown}
 d - 5 potions of might
 e - 2 potions of heal wounds {unknown}
 f - a potion of ambrosia {unknown}
 j - 5 potions of curing {unknown}
 m - a potion of resistance {unknown}
 n - a potion of experience {unknown}
 z - a potion of lignification {unknown}


   Skills:
 + Level 4.6 Fighting
 + Level 3.4 Maces & Flails
 + Level 4.5 Armour
 + Level 4.6 Shields


You had 5 spell levels left.
You didn't know any spells.
Your spell library was empty.

Dungeon Overview and Level Annotations

Branches:
Dungeon (4/15)
 Temple: D:4-7

Altars:
Elyvilon
Qazlal

Shops:
D:4 =


Innate Abilities, Weirdness & Mutations

You are immune to sickness and miasma.
Your stone body is resilient. (AC +4)
You are immune to poison.
You resist negative energy. (rN+)
You are resistant to electric shocks. (rElec)
You are resistant to unholy torment.
You are immune to petrification.


Message History

You hit the orc priest.
The orc priest is almost dead.
The orc priest hits you with a +0 hand axe.
The orc hits you but does no damage.
The orc priest casts a cantrip, but nothing happens.
You hit the orc priest.
You kill the orc priest!
The orc hits you but does no damage.
You have reached level 6!
You sock the orc!
You kill the orc!
The orc barely misses you. You block the orc's attack.
The orc hits you with a +0 falchion.
You hit the orc but do no damage. The orc barely misses you.
The orc hits you but does no damage.
The orc priest begins to cast a cantrip, but forgets the words!
You barely miss the orc. The orc hits you but does no damage.
The orc barely misses you.
The orc priest mumbles some strange prayers to Beogh against you.
Beogh smites you!
You hit the orc but do no damage. You block the orc's attack.
The orc hits you with a +0 flail.
You hit the orc but do no damage. The orc barely misses you. x3
The orc hits you with a +0 falchion.
* * * LOW HITPOINT WARNING * * *
You hit the orc.
The orc is almost dead.
You block the orc's attack. The orc hits you but does no damage.
You hit the orc.
You kill the orc!
The orc barely misses you.
You hit the orc priest.
The orc priest is moderately wounded.
You block the orc's attack. You block the orc priest's attack.
You sock the orc priest!
The orc priest is almost dead.
You block the orc's attack.
The orc priest mumbles some strange prayers to Beogh against you.
Beogh smites you!
You die...

### ..^#....
..# #.#.. #.#
#..## #.# #
#...## #.# #.
#.#..# #.# #.
#.##.### #.#
#.##.##...##
#.#
#.#[...####..#
#.# #......#
##@#
#.#######.##
#oo..#
#.........#
##...[...
###########
...##.# ##
...# .# ...#
.# ...# .#
...# .#


You could see an orc priest and an orc.

Vanquished Creatures
  A necrophage (D:4)
  An orc priest (D:4)
  Crazy Yiuf (D:2)
  Jessica (D:2)
  2 adders
  2 worms
  2 dart slugs (D:1)
  4 orcs
  6 endoplasms
  3 giant cockroaches
  5 goblins
  6 hobgoblins
  3 jackals (D:3)
  2 kobolds
  4 quokkas
  7 ball pythons
  3 bats (D:3)
  4 frilled lizards
  4 rats
61 creatures vanquished.

Vanquished Creatures (others)
  2 fungi
  A plant (D:3)
3 creatures vanquished.

Grand Total: 64 creatures vanquished

Notes
Turn   | Place    | Note
-------+----------+-------------------------------------------
     0 | D:1      | Darius099 the Gargoyle Fighter began the quest for the Orb.
     0 | D:1      | Reached XP level 1. HP: 14/14 MP: 1/1
   175 | D:1      | Reached XP level 2. HP: 19/19 MP: 2/2
  1038 | D:2      | Reached XP level 3. HP: 23/23 MP: 3/3
  1073 | D:2      | Noticed Jessica
  1085 | D:2      | Killed Jessica
  1225 | D:2      | Reached XP level 4. HP: 14/29 MP: 4/4
  1522 | D:2      | Found a runed translucent door.
  1523 | D:2      | Noticed Crazy Yiuf
  1533 | D:2      | Killed Crazy Yiuf
  1968 | D:3      | Found a faded altar of an unknown god.
  1973 | D:3      | Reached XP level 5. HP: 30/33 MP: 5/5
  2140 | D:3      | Found a stormy altar of Qazlal.
  2439 | D:4      | Found Birev's Jewellery Emporium.
  2537 | D:4      | Found a white marble altar of Elyvilon.
  2649 | D:4      | Reached XP level 6. HP: 29/39 MP: 6/6
  2657 | D:4      | Killed from afar by an orc priest

Illustrated notes

Levels and vault maps discovered:
D:1:      evilmike_arrival_rings, layout_basic, st_stairs_13,
          minmay_pentomino_z2
D:2:      layout_basic, minmay_misc_feat_enclosed, uniq_crazy_yiuf_cottage,
          uniq_jessica
D:3:      layout_basic, nicolae_qazlal_eye_of_the_storm,
          shapermc_ecumenical_altar_mp_urbaneastern, hex_intersection,
          chequers_serial_rivers_large_a
D:4:      minmay_angry_zag, layout_basic, nicolae_ru_awakened_eye,
          elyvilon_altar_4, serial_shops, shop

Skill      XL: |  1  2  3  4 |
---------------+-------------+-----
Fighting       | 4 |  4.6
Armour         | 4 |  4.5
Shields        | 4 |  4.6
Maces & Flails | 3 |  3.4

Action                   |  1- 3 |  4- 6 || total
-------------------------+-------+-------++-------
Melee: Flail             |    70 |   161 ||   231
Armor: Scale mail        |    36 |    55 ||    91
       Chain mail        |       |    55 ||    55
Dodge: Dodged            |    28 |    80 ||   108
Block: Buckler           |    10 |    50 ||    60

Table legend: (Time is in decaauts)
 A = Elapsed time spent in this place.
 B = Non-inter-level travel time spent in this place.
 C = Inter-level travel time spent in this place.
 D = Time resting spent in this place.
 E = Time spent auto-exploring this place.
 F = Levels seen in this place.
 G = Mean time per level.
                   A        B        C        D        E       F      G
               +--------+--------+--------+--------+--------+-----+--------+
         Total |   2746 |   2653 |     93 |     93 |   1886 |   4 |  686.5 |
       Dungeon |   2746 |   2653 |     93 |     93 |   1886 |   4 |  686.5 |
               +--------+--------+--------+--------+--------+-----+--------+

Top non-repeatable levels by time:
     D:1: 973 daAuts
     D:3: 886 daAuts
     D:2: 653 daAuts
     D:4: 233 daAuts
